Map: Acid Plant LE

Players

Hupsaiya

  • Race: Protoss Protoss
  • League: Master
  • Spawn Location: 5:00

vagabond - Winner!

  • Race: Terran Terran
  • League: Grandmaster
  • Spawn Location: 11:00

VOD

Have the link to the VOD?

Description

REEE

Time

  • Played on: Aug. 24, 2018, 1:02 a.m.
  • Length: 7:55
Show
View Real Time Build Order
Export as new Build Order

Hupsaiya Protoss 

Build Orders: 1 Gate Expand 

Get SALT Encoding   

  12  0:01  Probe  
  13  0:14  Probe  
  14  0:19  Pylon  
  14  0:26  Probe  
  15  0:35  Probe  
  15  0:37  Gateway  
  16  0:44  Probe, Assimilator  
  17  0:56  Probe  
  18  1:09  Probe  
  19  1:22  Probe  
  19  1:25  Cybernetics Core  
  20  1:35  Probe  
  21  1:44  Nexus  
  21  1:46  Pylon  
  21  1:50  Assimilator  
  21  1:52  Stalker  
  21  2:03  Warp Gate  
  21  2:04  Probe  
  23  2:20  Probe  
  22  2:28  Probe  
  22  2:39  Probe  
  22  2:42  Stalker  
  25  2:52  Shield Battery  
  25  2:57  Probe  
  26  2:58  Robotics Facility  
  26  3:10  Probe, Stalker  
  26  3:11  Probe  
  29  3:22  Probe  
  29  3:23  Probe  
  31  3:27  Shield Battery  
  31  3:33  Stalker  
  31  3:38  Probe  
  31  3:39  Probe  
  35  3:42  Observer  
  35  3:51  Probe  
  35  3:52  Probe  
  38  4:02  Twilight Council  
  38  4:03  Probe  
  38  4:04  Pylon  
  39  4:16  Probe  
  40  4:20  Probe  
  40  4:21  Observer  
  42  4:28  Stalker, Probe  
  45  4:33  Immortal  
  45  4:44  Probe  
  50  4:47  Shield Battery  
  50  4:49  Pylon  
  50  4:53  Stalker  
  50  4:55  Probe  
  50  4:57  Probe  
  54  5:07  Probe, Gateway  
  54  5:09  Probe, Gateway  
  56  5:19  Probe  
  56  5:20  Assimilator  
  57  5:21  Stalker  
  57  5:22  Probe  
  57  5:24  Assimilator  
  59  5:31  Probe  
  59  5:32  Shield Battery  
  59  5:33  Observer  
  59  5:34  Probe  
  62  5:50  Pylon  
  62  6:00  Immortal  
  62  6:03  Charge  
  62  6:05  Probe  
  62  6:07  Gateway  
  62  6:08  Probe, Gateway  
  62  6:10  Sentry  
  69  6:12  Pylon  
  69  6:17  Probe, Forge  
  70  6:19  Gateway  
  70  6:27  Pylon  
  70  6:30  Probe x2, Pylon  
  72  6:33  Shield Battery  
  72  6:35  Shield Battery  
  72  6:42  Zealot  
  72  6:43  Zealot, Sentry  
  72  7:06  Zealot  
  72  7:07  Zealot x2  
  76  7:22  Zealot x2  
  75  7:23  Zealot  
  72  7:42  Zealot x2  
  72  7:43  Zealot x2  
  50  7:45  Sentry  
Show
View Real Time Build Order
Export as new Build Order

vagabond Terran - Winner!

Build Orders: Cyclone Opening 

Get SALT Encoding   

  12  0:00  SCV  
  13  0:13  Supply Depot  
  13  0:18  SCV  
  14  0:35  Barracks  
  14  0:40  Refinery  
  14  0:44  SCV  
  15  0:52  Refinery  
  15  0:56  SCV  
  16  1:08  SCV  
  17  1:22  Reaper, Orbital Command  
  18  1:37  Factory  
  18  1:46  Supply Depot  
  18  1:52  SCV  
  19  2:04  SCV  
  20  2:31  SCV  
  20  2:32  Starport  
  20  2:33  Cyclone  
  20  2:34  Supply Depot  
  23  2:43  SCV  
  24  2:55  SCV  
  25  3:07  Cyclone  
  25  3:11  Starport Tech Lab  
  28  3:13  Barracks Reactor  
  28  3:16  SCV  
  29  3:22  Supply Depot  
  29  3:30  Banshee, Cloaking Field  
  29  3:31  SCV  
  33  3:35  Barracks  
  33  3:40  Barracks  
  33  3:49  Cyclone  
  33  3:55  Marine x2  
  38  4:06  Supply Depot  
  38  4:07  SCV  
  39  4:18  Banshee, Marine x2  
  39  4:20  SCV  
  45  4:25  Barracks Tech Lab  
  45  4:28  Marine  
  46  4:35  Marine  
  47  4:42  Cyclone, Marine  
  47  4:44  Combat Shields  
  51  4:46  Marine  
  51  4:47  Marine  
  51  4:52  Supply Depot  
  53  4:56  Liberator  
  53  5:01  Marine  
  53  5:02  Marine  
  55  5:13  Marine x2  
  60  5:20  Supply Depot  
  60  5:26  Marine x2  
  62  5:31  Marine  
  63  5:41  Cyclone, Marine  
  67  5:43  Marine  
  67  5:45  Supply Depot  
  67  5:48  Marine  
  67  5:49  Marine  
  70  6:06  Medivac  
  72  6:19  Liberator  
Tags
 
Add a new tag
Caveats
  • Supply blocks, unpowered buildings, or Contaminate may cause inaccurate times.
  • Supply counts are checked every 10 seconds.